 Dungeon Crawl Stone Soup version 0.31.0-9-g3a7656b989 (webtiles) character file.

Game seed: 18116263911605891219

56 qw the Shooter (level 3, 0/18 HPs)
             Began as a Spriggan Hunter on Feb 2, 2024.
             Succumbed to their own poison gas
             ... on level 2 of the Dungeon.
             The game lasted 00:00:04 (917 turns).

qw the Shooter (Spriggan Hunter)                     Turns: 917, Time: 00:00:04

Health: 0/18       AC:  2    Str:  7    XL:     3   Next: 71%
Magic:  4/4        EV: 19    Int: 10    God:
Gold:   71         SH:  0    Dex: 20    Spells: 2/2 levels left

rFire   . . .        a - +0 shortbow
rCold   . . .        (shield currently unavailable)
rNeg    . . .        c - +0 robe
rPois   .            (helmet restricted)
rElec   .            (no cloak)
rCorr   .            (gloves unavailable)
SInv    +            (boots unavailable)
Will    .....        (no amulet)
Stlth   ++           (no ring)
HPRegen 0.23/turn    (no ring)
MPRegen 0.09/turn

%: no passive effects
@: lethally poisoned (0 -> -3), very quick
A: very small, no large weapons, unfitting armour, see invisible, speed 3
a: no special abilities


You were on level 2 of the Dungeon.
You visited 1 branch of the dungeon, and saw 2 of its levels.

You collected 71 gold pieces.


Innate Abilities, Weirdness & Mutations

You are very small and have problems with some larger weapons.
You are too small for most types of armour.
You have supernaturally acute eyesight. (SInv)
You cover ground extremely quickly. (Speed+++)


   Skills:
 - Level 1.5 Fighting
 + Level 4.9 Ranged Weapons
 - Level 4.0 Dodging
 - Level 1.5 Stealth


You had 2 spell levels left.
You didn't know any spells.
Your spell library was empty.

Inventory:

Hand Weapons
 a - a +0 shortbow (weapon)
Armour
 c - a +0 robe (worn)

Dungeon Overview and Level Annotations

Branches:
Dungeon (2/15)

Altars:

Shops:
D:1 (


Message History

A ball python comes into view.
The ball python moves out of view.
You shoot an arrow. The arrow hits the jackal.
You kill the jackal!
Things that are here:
a jackal corpse; a hobgoblin corpse You now have 71 gold pieces (gained 14).
A kobold comes into view. It is wielding a +0 whip.
A kobold is nearby!
908 ||| READING scroll labelled KYENOOMONN.
The air fills with toxic fumes!
As you read the scroll labelled KYENOOMONN, it crumbles to dust.
It was a scroll of poison.
A kobold is nearby!
A kobold is nearby!
Enter note:
Enter note: A hobgoblin comes into view.
You are engulfed in poison gas.
You are lethally poisoned!
You feel very sick.
The kobold shouts!
The ball python hisses angrily.
910 ||| Stepping ~*~*~tactically~*~*~ (cloud).
You feel very sick.
There is a lethal amount of poison in your body!
You feel very sick.
There is a lethal amount of poison in your body!
You feel very sick.
913 ||| FLEEEEING.
You feel sick.
There is a lethal amount of poison in your body!
You feel sick.
There is a lethal amount of poison in your body!
You feel sick.
You shoot an arrow.
The arrow closely misses the ball python.
You feel sick. The ball python misses you. The ball python barely misses you.
You shoot an arrow.
The arrow barely misses the ball python.
You die...

##..........
##.........
####%##.#...
#.....#.#...
#>...## ####
#.%..# #....#
########....#
##0@...%.....#
#¤S######....#
#¤¤..........#
#0¤#.###.#...#
#¤¤S..... ...#
#¤¤#.###. ..##
#¤¤#.#[#g#..#
#¤0#S###.#..#
#..........


You could see a ball python.

Vanquished Creatures
  6 dart slugs
  2 ribbon worms (D:2)
  4 ball pythons
  2 endoplasms (D:1)
  A giant cockroach (D:1)
  2 goblins (D:1)
  3 hobgoblins (D:2)
  3 jackals
  5 kobolds
  4 bats
  A frilled lizard (D:1)
  4 rats
37 creatures vanquished.

Notes
Turn   | Place    | Note
-------+----------+-------------------------------------------
     0 | D:1      | qw the Spriggan Hunter began the quest for the Orb.
     0 | D:1      | Reached XP level 1. HP: 10/10 MP: 2/2
     0 | D:1      | 0 ||| qw: Version: 0.3-a-155-g5e7d8dd
     0 | D:1      | 0 ||| qw: Game counter: 984
     0 | D:1      | 0 ||| qw: Melee chars always use a shield: true
     0 | D:1      | 0 ||| qw: God list: Okawaru
     0 | D:1      | 0 ||| qw: Allow faded altars: false
     0 | D:1      | 0 ||| qw: Do Orc after clearing Dungeon:15 true
     0 | D:1      | 0 ||| qw: Do second Lair branch before Depths: true
     0 | D:1      | 0 ||| qw: Lair rune preference: random
     0 | D:1      | 0 ||| qw: Goals: Normal
     0 | D:1      | 0 ||| PLANNING D:1-11
    36 | D:1      | Reached skill level 3 in Dodging
   115 | D:1      | Reached XP level 2. HP: 14/14 MP: 3/3
   196 | D:1      | Found a faded altar of an unknown god.
   206 | D:1      | Found Uvvypief's Weapon Emporium.
   678 | D:1      | Reached XP level 3. HP: 18/18 MP: 4/4
   680 | D:1      | 680 ||| READING scroll labelled LOELLE ENAIMIOBIT.
   681 | D:1      | 681 ||| READING scroll labelled DASMORAOSS.
   681 | D:1      | 681 ||| IDENTIFYING golden potion
   682 | D:1      | 682 ||| READING scroll labelled WIQAPLO BEYCVO.
   683 | D:1      | 683 ||| DRINKING 2 murky amethyst potions.
   726 | D:1      | 726 ||| DROPPING scroll of butterflies.
   727 | D:1      | 727 ||| DROPPING potion of degeneration.
   728 | D:1      | 728 ||| DROPPING potion of lignification.
   908 | D:2      | 908 ||| READING scroll labelled KYENOOMONN.
   910 | D:2      | 910 ||| Stepping ~*~*~tactically~*~*~ (cloud).
   913 | D:2      | 913 ||| FLEEEEING.
   914 | D:2      | HP: 4/18 [poisoned by you (poison gas)]
   916 | D:2      | HP: 1/18 [poisoned by you (poison gas)]
   917 | D:2      | Succumbed to their own poison gas

Levels and vault maps discovered:
D:1:      lemuel_arrival_broad_hall, layout_loops_ring, serial_shops,
          nicolae_shop_advertising_works [nicolae_subvault_shop_adworks],
          chequers_ecumenical_altar_simple
D:2:      layout_rooms, serial_curves, eino_curves_04, eino_curves_03,
          minmay_surrounded

Skill      XL: |  1  2 |
---------------+-------+-----
Dodging        | 3 4 |  4.0
Fighting       | |  1.5
Ranged Weapons | |  4.9
Stealth        | |  1.5

Action                     || total
---------------------------++-------
   Fire: Shortbow          ||   110
    Use: Scroll            ||     4
         Potion            ||     1
 Armour: Robe              ||     7
  Dodge: Dodged            ||    29

Table legend:
 A = Non-vault XP
 B = Vault XP
 C = Vault XP percentage of total XP
 D = Non-vault monster count
 E = Vault monster count
 F = Vault count percentage of total count
                 A         B        C        D         E       F
            +---------+---------+-------+---------+---------+-------
      Total |      73 |       8 |   9.9 |      34 |       3 |   8.1
            +---------+---------+-------+---------+---------+-------
        D:1 |      42 |       0 |   0.0 |      19 |       0 |   0.0
        D:2 |      31 |       8 |  20.5 |      15 |       3 |  16.7
            +---------+---------+-------+---------+---------+-------
